 Dungeon Crawl Stone Soup version 0.17.0-26-gececa24 (webtiles) character file.

8986 Lathuz the Bludgeoner (level 11, -9/95 HPs)
             Began as a Minotaur Fighter on Nov 17, 2015.
             Was the Champion of Okawaru.
             Mangled by a fire dragon zombie (10 damage)
             ... on level 1 of the Abyss on Nov 19, 2015.
             The game lasted 00:36:31 (8556 turns).

Lathuz the Bludgeoner (Minotaur Fighter)            Turns: 8556, Time: 00:36:32

Health: -9/95      AC: 21    Str: 22    XL:     11   Next: 17%
Magic:  10/10      EV:  5    Int:  5    God:    Okawaru [******]
Gold:   585        SH: 11    Dex: 12    Spells: 0 memorised, 10 levels left

rFire  . . .     SeeInvis +     B - +11 morningstar "Eos" {elec, -Tele rElec SInv}
rCold  + . .     Clarity  .     y - +0 plate armour
rNeg   . . .     SustAt   .     c - +0 shield
rPois  .         Gourm    .     (helmet restricted)
rElec  +         Spirit   .     l - +2 cloak of Seffuorph {rC+ MR+}
rCorr  .         Warding  .     f - +0 pair of gloves
rMut   .         Stasis   +     (no boots)
MR     +....                    q - amulet of stasis
Stlth  ..........               (no ring)
                                F - +3 ring of protection

@: somewhat resistant to hostile enchantments, extremely unstealthy
A: retaliatory headbutt, horns 2
a: Heroism, Finesse, Renounce Religion


You were on level 1 of the Abyss.
You worshipped Okawaru.
Okawaru was exalted by your worship.
You were hungry.

You visited 2 branches of the dungeon, and saw 11 of its levels.
You visited the Abyss 1 time.

You collected 585 gold pieces.

Inventory:

Hand Weapons
 a - a +0 flail
 h - a +2 whip of protection
 B - the +11 morningstar "Eos" (weapon) {elec, -Tele rElec SInv}
   (You found it on level 7 of the Dungeon)

   Occasionally, upon striking a foe, it will discharge some electrical energy
   and cause terrible harm.
   It insulates you from electricity.
   It lets you see invisible.
   It prevents most forms of teleportation.
Missiles
 j - 320 stones (quivered)
Armour
 b - a +0 scale mail
 c - a +0 shield (worn)
 f - a +0 pair of gloves (worn)
 l - the +2 cloak of Seffuorph (worn) {rC+ MR+}
   (You acquired it on level 10 of the Dungeon)

   It protects you from cold.
   It affects your resistance to hostile enchantments.
 y - a +0 plate armour (worn)
 I - a steam dragon hide
Jewellery
 q - an amulet of stasis (around neck)
 F - a +3 ring of protection (left hand)
 H - a +2 ring of dexterity
 S - a cursed ring of loudness
 V - the ring "Vusmuigyun" {+Fly rPois rN+++ MR+ SInv, unknown}
   (You found it on level 10 of the Dungeon)

   [ring of see invisible]

   It protects you from poison.
   It renders you almost immune to negative energy.
   It affects your resistance to hostile enchantments.
   It lets you see invisible.
   It lets you fly.
Wands
 s - a wand of flame (0)
 J - a wand of lightning (9)
 K - a wand of polymorph (7)
 L - a wand of polymorph (9)
 M - a wand of draining (6)
 P - a wand of confusion (29)
 Q - a wand of frost (19)
 R - a wand of teleportation (1)
 W - a wand of fireball (7)
Scrolls
 i - 4 scrolls of identify
 p - 2 scrolls of teleportation
 u - 8 scrolls of remove curse
 v - 3 scrolls of magic mapping
 x - a scroll of enchant weapon
 D - 2 scrolls of fear
Potions
 d - a potion of brilliance {unknown}
 g - 3 potions of agility
 k - 2 potions of mutation {unknown}
 m - 2 potions of ambrosia
 n - a potion of cancellation {unknown}
 o - 2 potions of haste {unknown}
 r - 3 potions of curing
 w - 2 potions of poison {unknown}
 z - a potion of heal wounds {unknown}
 A - a potion of lignification {unknown}
 C - 2 potions of might
 E - 2 potions of berserk rage {unknown}
 N - 2 potions of flight {unknown}
Books
 U - a Necronomicon

   Spells                             Type                      Level
   a - Haunt                          Necromancy/Summoning         7
   b - Borgnjor's Revivification      Necromancy                   8
   c - Death's Door                   Charms/Necromancy            8
   d - Necromutation                  Transmutation/Necromancy     8
Comestibles
 e - 5 bread rations
 t - 3 meat rations
 O - a royal jelly
 T - a beef jerky


   Skills:
 + Level 8.9 Fighting
 * Level 15.1 Maces & Flails
 + Level 8.9 Armour
 - Level 8.5 Shields


You had 10 spell levels left.
You didn't know any spells.

Dungeon Overview and Level Annotations

Branches:
Dungeon (10/15)            Temple (1/1) D:4             Orc (0/4) D:9
   Lair: D:8-11

Altars:
Ashenzari
Cheibriados
Dithmenos
Elyvilon
Fedhas
Gozag
Kikubaaqudgha
Makhleb
Nemelex Xobeh
Okawaru
Qazlal
Ru
Sif Muna
Trog
Vehumet
Xom
Yredelemnul
Zin
The Shining One

Annotations:
D:10 Sonja


Innate Abilities, Weirdness & Mutations

You reflexively headbutt those who attack you in melee.
You have a pair of horns on your head.


Message History

You are too injured to fight recklessly!
You are too injured to fight recklessly!
You are too injured to fight recklessly!
You are too injured to fight recklessly!
You puncture the bone dragon!
The bone dragon is heavily damaged.
The bone dragon bites you.
* * * LOW HITPOINT WARNING * * *
The bone dragon claws you!
* * * LOW HITPOINT WARNING * * *
You block the bone dragon's attack.
You hit the bone dragon.
The bone dragon is heavily damaged.
You thump the bone dragon!
The bone dragon is heavily damaged.
You block the bone dragon's attack.
The bone dragon claws you but does no damage.
The bone dragon tramples you but does no damage.
The fire dragon zombie bites you!
You die...

# .# .## ##. ... #
#### .. .#.. ..##. # #
..#.####.#_# ##.#
......#.#.# ##.. # # #
..##..#...## .#.#
...._...D@..##.# .. .#
#.##.#.#Z......... #
.....#....#.#### ### #
.......#.#..#.. ....
..#
###.########.#..######
#.... #..#...#.#..# #
.#. .. .## ...# . .#
.. . . .. . #... .. .
. .... ## # . .#


You could see a bone dragon and a fire dragon zombie.

Vanquished Creatures
  Gastronok (D:8)
  The ghost of George the Basher, a novice GrFi of Okawaru (D:9)
  Pikel (D:5)
  A hill giant (D:10)
  An unseen horror (D:10)
  Grinder (D:5)
  A two-headed ogre (D:9)
  A deep elf mage (D:9)
  A steam dragon (D:10)
  9 yaks
  A hippogriff (D:8)
  2 hungry ghosts (D:7)
  Menkaure (D:5)
  A black bear (D:5)
  3 phantoms
  An ice beast (D:9)
  2 sky beasts
  3 ogres
  An orc warrior (D:9)
  5 centaurs
  A wasp (D:9)
  Blork the orc (D:5)
  5 giant frogs
  2 crimson imps
  A quasit (Abyss:1)
  3 hounds
  4 wights (D:10)
  2 centaur zombies
  A giant frog zombie (D:6)
  2 jellies (D:8)
  Crazy Yiuf (D:6)
  2 centaur skeletons
  3 orc priests
  3 giant frog skeletons
  An iron imp (Abyss:1)
  5 worker ants
  An iguana (D:8)
  5 orc wizards
  3 hound zombies
  A worker ant zombie (D:7)
  12 adders
  A shadow imp (D:7)
  An adder zombie (D:6)
  2 adder skeletons
  2 worms
  8 giant geckos
  33 orcs
  A bat zombie (D:9)
  8 giant cockroaches
  9 hobgoblins
  4 jackals (D:8)
  A quokka (D:3)
  2 ball pythons
  3 bats
  A giant cockroach zombie (D:5)
  A giant gecko skeleton (D:5)
  6 giant newts
  9 goblins
  A jackal skeleton (D:5)
  6 kobolds
  A quokka skeleton (D:6)
  8 rats
  4 rat zombies (D:9)
209 creatures vanquished.

Vanquished Creatures (others)
  A slave (D:5)
  A giant frog skeleton (D:5)
  An orc wizard (D:5)
  A worker ant (D:5)
  An adder (D:5)
  A fungus (D:6)
6 creatures vanquished.

Grand Total: 215 creatures vanquished

Notes
Turn   | Place    | Note
--------------------------------------------------------------
     0 | D:1      | Lathuz the Minotaur Fighter began the quest for the Orb.
     0 | D:1      | Reached XP level 1. HP: 19/19 MP: 0/0
   348 | D:1      | Reached XP level 2. HP: 26/26 MP: 1/1
   473 | D:2      | Reached skill level 4 in Shields
   555 | D:2      | Reached XP level 3. HP: 31/31 MP: 2/2
   830 | D:2      | Found an opulent altar of Gozag.
  1207 | D:2      | Found a bloodstained altar of Trog.
  1367 | D:2      | Upgraded the game from 0.17.0-24-gcfadda4 to 0.17.0-26-gececa24
  1490 | D:3      | Reached XP level 4. HP: 20/39 MP: 3/3
  1503 | D:3      | Reached skill level 5 in Maces & Flails
  1830 | D:3      | Found a radiant altar of Vehumet.
  1833 | D:3      | Reached XP level 5. HP: 45/45 MP: 4/4
  1834 | D:3      | Found a burning altar of Makhleb.
  2262 | D:3      | Found a basalt altar of Yredelemnul.
  2262 | D:3      | Found a shattered altar of Ashenzari.
  2262 | D:3      | Found a stormy altar of Qazlal.
  2272 | D:3      | Found a snail-covered altar of Cheibriados.
  2374 | D:3      | Reached skill level 5 in Shields
  2638 | D:4      | Reached skill level 6 in Maces & Flails
  2686 | D:4      | Found a staircase to the Ecumenical Temple.
  2693 | Temple   | Entered the Ecumenical Temple
  3018 | D:4      | Found an iron altar of Okawaru.
  3023 | D:4      | Became a worshipper of Warmaster Okawaru
  3096 | D:4      | Reached XP level 6. HP: 51/51 MP: 5/5
  3307 | D:5      | Entered Level 5 of the Dungeon
  3307 | D:5      | Noticed Grinder
  3326 | D:5      | Killed Grinder
  3326 | D:5      | Reached skill level 7 in Maces & Flails
  3671 | D:5      | Reached XP level 7. HP: 55/57 MP: 6/6
  3775 | D:5      | Noticed Blork the orc
  3787 | D:5      | Killed Blork the orc
  3787 | D:5      | Reached * piety under Okawaru
  3787 | D:5      | Reached skill level 8 in Maces & Flails
  3790 | D:5      | Noticed Pikel
  3817 | D:5      | Killed Pikel
  3817 | D:5      | Reached ** piety under Okawaru
  3817 | D:5      | Reached skill level 9 in Maces & Flails
  3817 | D:5      | Reached XP level 8. HP: 58/64 MP: 7/7
  4078 | D:5      | Noticed Menkaure
  4082 | D:5      | Killed Menkaure
  4176 | D:5      | Reached skill level 10 in Maces & Flails
  4848 | D:6      | Reached *** piety under Okawaru
  4989 | D:6      | Reached skill level 11 in Maces & Flails
  5106 | D:6      | Found a white marble altar of Elyvilon.
  5303 | D:6      | Found a blossoming altar of Fedhas.
  5309 | D:6      | Noticed Crazy Yiuf
  5330 | D:6      | Killed Crazy Yiuf
  5628 | D:7      | Reached XP level 9. HP: 64/71 MP: 8/8
  5846 | D:7      | Reached skill level 12 in Maces & Flails
  6094 | D:7      | Reached **** piety under Okawaru
  6094 | D:7      | Reached skill level 5 in Armour
  6174 | D:8      | Reached skill level 5 in Fighting
  6295 | D:8      | Noticed Gastronok
  6329 | D:8      | Killed Gastronok
  6329 | D:8      | Reached ***** piety under Okawaru
  6329 | D:8      | Reached skill level 13 in Maces & Flails
  6329 | D:8      | Reached XP level 10. HP: 67/84 MP: 9/9
  6953 | D:9      | Found a sacrificial altar of Ru.
  7191 | D:9      | Reached skill level 14 in Maces & Flails
  7299 | D:9      | Found a staircase to the Orcish Mines.
  7488 | D:9      | Noticed George's ghost (novice GrFi)
  7513 | D:9      | Killed George's ghost
  7603 | D:9      | Found an ancient bone altar of Kikubaaqudgha.
  7722 | D:9      | Found a deep blue altar of Sif Muna.
  7895 | D:10     | Entered Level 10 of the Dungeon
  7931 | D:10     | Identified a scroll of acquirement
  7932 | D:10     | Got a distressingly furry cloak
  7933 | D:10     | Identified the +2 cloak of Seffuorph {rC+ MR+} (You acquired it on level 10 of the Dungeon)
  7979 | D:10     | Noticed an unseen horror
  7984 | D:10     | Killed an unseen horror
  8081 | D:10     | Noticed a hill giant
  8087 | D:10     | Killed a hill giant
  8087 | D:10     | Reached ****** piety under Okawaru
  8087 | D:10     | Reached XP level 11. HP: 95/95 MP: 10/10
  8234 | D:10     | Reached skill level 15 in Maces & Flails
  8250 | D:10     | Got a twitching granite ring
  8355 | D:10     | Noticed Sonja
  8357 | D:10     | Cast into the Abyss (Sonja)
  8366 | Abyss:1  | Noticed a starcursed mass
  8448 | Abyss:1  | Found an opulent altar of Gozag.
  8490 | Abyss:1  | Found a corrupted altar of Lugonu.
  8535 | Abyss:1  | Found a corrupted altar of Lugonu.
  8538 | Abyss:1  | Noticed a bone dragon
  8554 | Abyss:1  | HP: 1/95 [bone dragon (9)]
  8556 | Abyss:1  | Mangled by a fire dragon zombie

Action                   |  1- 3 |  4- 6 |  7- 9 | 10-12 || total
-------------------------+-------+-------+-------+-------++-------
Melee: Flail             |    71 |   119 |    24 |       ||   214
       Whip              |       |       |   199 |       ||   199
       Morningstar       |       |       |    47 |   163 ||   210
Throw: Stone             |       |       |    15 |    13 ||    28
  Use: Scroll            |       |     7 |     2 |     9 ||    18
       Potion            |       |     1 |       |       ||     1
  Eat: Chunk             |     2 |     4 |     1 |     7 ||    14
       Bread ration      |       |     1 |     2 |       ||     3
